cohdb
Replays
Latest Replays
All Replays
Popular Replays
Top Player Replays
Match Explorer
How It Works
Community
CoH3 Stats
Reddit
Sign in to upload your games and track your stats! →
Sign in with Steam
Match 39831896
Unlisted
Match 39831896
Overview
Messages
Build Orders
End
Panzergrenadier Squad
Selects Battlefield Espionage Battlegroup
Panzergrenadier Squad
Panzergrenadier Squad
Construct Light Support Kompanie
2.5-tonne Medical Truck
Selects Intel Disruption Beacon
MG34 Team
Fire Support Elements
Pak 38 Mechanized Group
Flakvierling Half-track
Selects 250/3 Funkpanzerwagen
Selects Plunder
Construct Panzerarmee Kommand
Assault Mechanized Group
Selects Disruption Operation
Panzer III L Medium Tank
Disruption Operation
Armored Reserves
Assault Mechanized Group
Disruption Operation
Disruption Operation
Tiger Heavy Tank
Emergency Repair Kits
Disruption Operation
Selects Advanced Ambush Training
Selects Operation Skorpion
Tungsten Core Ammunition
Veteran Squad Leaders
Advanced Field Repairs
Azazil
Schogunist
jigsaw
Glow_景沐x
Kylen
runningDuck
Redbox
CoH3
0
0
Comments
sign in to comment!
No comments posted yet!